Blackhawks vs Penguins

Created - December 9, 2024 at 19:06

Goals
1 2 3 T
Blackhawks 2 3 0 5
Penguins 1 1 0 2
Shots
1 2 3 T
Blackhawks 10 12 17 39
Penguins 12 9 10 31

1st period

1. Blackhawks , William Karlsson 5 (Will Butcher 13, Timo Meier 4) at 7:38
2. Penguins , John Tavares 12 (Aaron Ekblad 8, Nick Leddy 2) at 9:24 (SH)
3. Blackhawks , Will Butcher 5 (Radko Gudas 9) at 12:19 (PP)

Penalties :
Mark Scheifele (Pit) for High sticking (Minor) at 8:22, Oscar Klefbom (Pit) for Tripping (Minor) at 12:07, Kirill Kaprizov (Pit) for Tripping (Minor) at 19:58

2nd period

4. Blackhawks , Radko Gudas 1 (Will Butcher 14, Derek Stepan 20) at 0:46 (PP)
5. Blackhawks , Mikko Rantanen 17 (Derek Stepan 21) at 5:25
6. Penguins , Kirill Kaprizov 1 (John Tavares 12, Mark Scheifele 13) at 9:43
7. Blackhawks , Radko Gudas 2 (Mikko Rantanen 13, Derek Stepan 22) at 12:14 (PP)

Penalties :
Iven Barbashev (Pit) for Elbowing (Minor) at 7:05, Sebastian Aho (Pit) for Slashing (Minor) at 12:09

3rd period

No Goal

Penalties :
Jeff Carter (Pit) for Roughing (Minor) at 15:40

Goalie Stats

Cam Ward (Chi), 29 saves from 31 shots - (0.935), W, 7-2-1, 60:00 minutes
Jeremy Swayman (Pit), 11 saves from 15 shots - (0.733), L, 10-5-2, 25:25 minutes
Ondrej Pavelec (Pit), 23 saves from 24 shots - (0.958), 34:35 minutes

Players Stats for Blackhawks

Player Name              G  A  P  +/- PIM S  H  SB GA TA FO     MP     PP MP  PK MP  
------------------------------------------------------------------------------------
Adrian Kempe             0  0  0   0  0   0  4  0  1  0  0/0    17:42   2:24   0:00 
Andrew Ladd              0  0  0  -1  0   4  0  0  1  0  0/0     7:56   0:00   0:00 
Antoine Roussel          0  0  0   0  0   1  4  1  0  0  1/1    22:22   4:38   0:00 
Dalton Prout             0  0  0  -1  0   1  0  1  0  0  0/0    13:47   0:13   0:00 
Derek Stepan             0  3  3   0  0   5  0  0  1  0  17/39  22:22   4:38   0:00 
Erik Haula               0  0  0   0  0   1  1  1  1  1  5/12   17:42   2:24   0:00 
Jakob Chychrun           0  0  0   0  0   0  0  0  1  1  0/0    16:24   2:23   0:00 
Jakob Silfverberg        0  0  0   0  0   1  2  1  0  0  0/1    17:42   2:24   0:00 
Joe Pavelski             0  0  0  -1  0   2  0  0  0  0  0/0     7:56   0:00   0:00 
Mike Amadio              0  0  0   1  0   5  3  0  0  0  0/0    12:00   0:00   0:00 
Mikko Rantanen           1  1  2   0  0   7  2  0  2  1  1/2    22:22   4:38   0:00 
PK Subban                0  0  0   0  0   0  2  0  0  1  0/0    19:17   0:00   0:00 
Radko Gudas              2  1  3   0  0   2  1  3  0  0  0/0    24:19   4:39   0:00 
Stefan Matteau           0  0  0  -1  0   1  0  0  0  0  1/4     7:56   0:00   0:00 
Thomas Chabot            0  0  0   1  0   1  1  1  0  0  0/0    19:18   2:10   0:00 
Timo Meier               0  1  1   1  0   1  0  1  1  0  0/0    12:00   0:00   0:00 
Will Butcher             1  2  3   0  0   4  3  0  3  0  0/0    26:55   4:39   0:00 
William Karlsson         1  0  1   1  0   3  1  0  0  0  2/3    12:00   0:00   0:00 

Players Stats for Penguins

Player Name              G  A  P  +/- PIM S  H  SB GA TA FO     MP     PP MP  PK MP  
------------------------------------------------------------------------------------
Aaron Ekblad             0  1  1   1  0   2  1  3  1  0  0/0    26:31   0:00   2:20 
Brandon Tanev            0  0  0   1  0   3  1  1  0  0  0/0     9:56   0:00   1:31 
Colin Wilson             0  0  0   0  0   1  1  1  0  0  7/8    10:28   0:00   2:02 
Gavin Bayreuther         0  0  0  -1  0   0  0  3  1  0  0/0    17:54   0:00   0:00 
Iven Barbashev           0  0  0   0  2   0  1  0  1  0  0/0     9:02   0:00   0:31 
Jeff Carter              0  0  0  -1  2   1  0  0  0  1  3/4    11:54   0:00   0:16 
John Tavares             1  1  2   2  0   3  1  0  0  0  14/29  19:09   0:00   1:31 
Keith Aulie              0  0  0  -1  0   2  1  4  0  3  0/0    22:36   0:00   4:42 
Kirill Kaprizov          1  0  1   1  2   2  0  0  0  0  1/1    18:05   0:00   0:28 
Marcus Foligno           0  0  0  -1  0   2  3  1  0  2  0/0    16:06   0:00   4:32 
Mark Scheifele           0  1  1  -1  2   0  3  1  0  1  4/9    18:33   0:00   3:13 
Mathew Barzal            0  0  0  -1  0   0  0  0  0  0  0/0    11:33   0:00   0:00 
Nick Blankenburg         0  0  0   0  0   0  1  2  0  0  0/0    10:53   0:00   0:00 
Nick Leddy               0  1  1   1  0   3  1  1  0  0  0/0    13:54   0:00   2:20 
Oscar Klefbom            0  0  0   0  2   1  2  3  1  2  0/0    28:11   0:00   4:42 
Pavel Zacha              0  0  0  -1  0   1  2  0  0  1  0/0    15:15   0:00   0:00 
Sebastian Aho            0  0  0  -1  2   4  0  0  0  1  5/9    15:14   0:00   0:00 
Tom Wilson               0  0  0   1  0   6  0  0  0  0  1/2    17:38   0:00   0:00 

3 Stars

1 - Radko Gudas (Chi)
2 - Will Butcher (Chi)
3 - Mikko Rantanen (Chi)

Power Play

Blackhawks - 3 on 6 Attempt(s) - 50.00%
Penguins - 0 on 0 Attempt(s) - 0.00%

Penalty Kill

Blackhawks - 0 on 0 Attempt(s) - 0.00% - Score 0 goal in Penalty Kill
Penguins - 3 on 6 Attempt(s) - 50.00% - Score 1 goal in Penalty Kill

Team Stat

Blackhawks - Hits : 24 - Faceoff Wins : 27 - Blocked Shots : 9 - Penalty Minutes : 0
Penguins - Hits : 18 - Faceoff Wins : 35 - Blocked Shots : 20 - Penalty Minutes : 12

Official

Referees : Kyle Rehman and Eric Furlatt
Linesman : Jesse Marquis and Julien Fournier

Game Notes

Ondrej Pavelec enters game at 5:25 of 2nd period

Finance

Level 1 -- Attendance: 6000 (100.00%) -- Ticket Income $600,000
Level 2 -- Attendance: 4628 (92.56%) -- Ticket Income $323,960
Level 3 -- Attendance: 2000 (100.00%) -- Ticket Income $80,000
Level 4 -- Attendance: 3882 (97.05%) -- Ticket Income $116,460
Luxury Box -- Attendance: 935 (93.50%) -- Ticket Income $187,000
Game was played at the PPG Paint Arena.
Total Attendance: 17445 (96.92%)
Total Ticket Income: $1,307,420
Other Income: $196,113
Total Income: $1,503,533

Blackhawks

5 vs 5 Forward 
   Center                   Left Wing                Right Wing               Time % Phy DF OF 
 1 Derek Stepan             Antoine Roussel          Mikko Rantanen           40     1   2  2  
 2 Erik Haula               Adrian Kempe             Jakob Silfverberg        30     1   2  2  
 3 William Karlsson         Timo Meier               Mike Amadio              20     1   2  2  
 4 Stefan Matteau           Andrew Ladd              Joe Pavelski             10     1   2  2  

5 vs 5 Defense 
   Defense                  Defense                                           Time % Phy DF OF 
 1 Will Butcher             PK Subban                                         40     1   2  2  
 2 Radko Gudas              Thomas Chabot                                     30     1   2  2  
 3 Dalton Prout             Jakob Chychrun                                    20     1   2  2  
 4 Radko Gudas              Will Butcher                                      10     1   2  2  

PowerPlay Forward 
   Center                   Left Wing                Right Wing               Time % Phy DF OF 
 1 Derek Stepan             Antoine Roussel          Mikko Rantanen           60     1   2  2  
 2 Erik Haula               Adrian Kempe             Jakob Silfverberg        40     1   2  2  

PowerPlay Defense
   Defense                  Defense                                           Time % Phy DF OF 
 1 Radko Gudas              Will Butcher                                      60     1   2  2  
 2 Thomas Chabot            Jakob Chychrun                                    40     1   2  2  

Penalty Kill 4 Players Forward 
   Center                   Wing                     Time % Phy DF OF 
 1 Erik Haula               Antoine Roussel          60     1   2  2  
 2 Derek Stepan             Mike Amadio              40     1   2  2  

Penalty Kill 4 Players Defense
   Defense                  Defense                  Time % Phy DF OF 
 1 Radko Gudas              Will Butcher             60     1   2  2  
 2 PK Subban                Thomas Chabot            40     1   2  2  

Penalty Kill - 3 Players Forward 
   Forward                                           Time % Phy DF OF 
 1 Derek Stepan                                      60     1   2  2  
 2 Erik Haula                                        40     1   2  2  

Penalty Kill - 3 Players Defense
   Defense                  Defense                  Time % Phy DF OF 
 1 Radko Gudas              Will Butcher             60     1   2  2  
 2 PK Subban                Thomas Chabot            40     1   2  2  

4 vs 4 Forward 
   Center                   Wing                     Time % Phy DF OF 
 1 Derek Stepan             Mikko Rantanen           60     1   2  2  
 2 Erik Haula               Adrian Kempe             40     1   2  2  

4 vs 4 Defense
   Defense                  Defense                  Time % Phy DF OF 
 1 Radko Gudas              Will Butcher             60     1   2  2  
 2 PK Subban                Thomas Chabot            40     1   2  2  

Last Minutes Offensive
   Center                   Left Wing                Right Wing               Defense                  Defense                  
   Derek Stepan             Antoine Roussel          Mikko Rantanen           Radko Gudas              Will Butcher             

Last Minutes Defensive
   Center                   Left Wing                Right Wing               Defense                  Defense                  
   Derek Stepan             Antoine Roussel          Mike Amadio              Radko Gudas              Will Butcher             

Goaltenders
Starting : Cam Ward                 
Backup : Ilya Samsonov            

Extra Forwards
Normal : Jakob Silfverberg, Antoine Roussel, Adrian Kempe - PP : Mikko Rantanen, Antoine Roussel - PK : Mike Amadio
Extra Defensemen
Normal : Will Butcher, Thomas Chabot, Jakob Chychrun - PP : Will Butcher - PK : Radko Gudas, Thomas Chabot
Penalty Shots
Jakob Silfverberg, Mikko Rantanen, Antoine Roussel, Derek Stepan, Erik Haula
Custom OT Lines Forwards
Jakob Silfverberg, Mikko Rantanen, Antoine Roussel, Derek Stepan, Erik Haula, Mike Amadio, Adrian Kempe, Timo Meier, William Karlsson, Joe Pavelski
Custom OT Lines Defensemen
Radko Gudas, Will Butcher, PK Subban, Jakob Chychrun, Thomas Chabot

Scratches
Robert Hagg (Healthy)

Penguins

5 vs 5 Forward 
   Center                   Left Wing                Right Wing               Time % Phy DF OF 
 1 John Tavares             Kirill Kaprizov          Tom Wilson               40     1   2  2  
 2 Sebastian Aho            Pavel Zacha              Mark Scheifele           30     1   2  2  
 3 Jeff Carter              Marcus Foligno           Mathew Barzal            20     1   2  2  
 4 Colin Wilson             Iven Barbashev           Brandon Tanev            10     1   2  2  

5 vs 5 Defense 
   Defense                  Defense                                           Time % Phy DF OF 
 1 Oscar Klefbom            Aaron Ekblad                                      45     1   2  2  
 2 Keith Aulie              Gavin Bayreuther                                  35     1   2  2  
 3 Nick Leddy               Nick Blankenburg                                  20     1   2  2  
 4 Oscar Klefbom            Nick Leddy                                        0      1   2  2  

PowerPlay Forward 
   Center                   Left Wing                Right Wing               Time % Phy DF OF 
 1 John Tavares             Kirill Kaprizov          Mark Scheifele           60     0   2  3  
 2 Sebastian Aho            Pavel Zacha              Tom Wilson               40     0   2  3  

PowerPlay Defense
   Defense                  Defense                                           Time % Phy DF OF 
 1 Oscar Klefbom            Aaron Ekblad                                      60     0   2  3  
 2 Keith Aulie              Gavin Bayreuther                                  40     0   2  3  

Penalty Kill 4 Players Forward 
   Center                   Wing                     Time % Phy DF OF 
 1 Mark Scheifele           Marcus Foligno           60     1   3  1  
 2 John Tavares             Brandon Tanev            40     1   3  1  

Penalty Kill 4 Players Defense
   Defense                  Defense                  Time % Phy DF OF 
 1 Oscar Klefbom            Keith Aulie              60     1   2  2  
 2 Aaron Ekblad             Nick Leddy               40     1   2  2  

Penalty Kill - 3 Players Forward 
   Forward                                           Time % Phy DF OF 
 1 Marcus Foligno                                    60     1   2  2  
 2 John Tavares                                      40     1   2  2  

Penalty Kill - 3 Players Defense
   Defense                  Defense                  Time % Phy DF OF 
 1 Oscar Klefbom            Keith Aulie              60     1   2  2  
 2 Aaron Ekblad             Nick Leddy               40     1   2  2  

4 vs 4 Forward 
   Center                   Wing                     Time % Phy DF OF 
 1 John Tavares             Mark Scheifele           60     1   2  2  
 2 Sebastian Aho            Pavel Zacha              40     1   2  2  

4 vs 4 Defense
   Defense                  Defense                  Time % Phy DF OF 
 1 Oscar Klefbom            Aaron Ekblad             50     1   2  2  
 2 Keith Aulie              Gavin Bayreuther         50     1   2  2  

Last Minutes Offensive
   Center                   Left Wing                Right Wing               Defense                  Defense                  
   John Tavares             Kirill Kaprizov          Mark Scheifele           Oscar Klefbom            Aaron Ekblad             

Last Minutes Defensive
   Center                   Left Wing                Right Wing               Defense                  Defense                  
   John Tavares             Marcus Foligno           Tom Wilson               Oscar Klefbom            Keith Aulie              

Goaltenders
Starting : Jeremy Swayman           
Backup : Ondrej Pavelec           

Extra Forwards
Normal : John Tavares, Mark Scheifele, Marcus Foligno - PP : John Tavares, Mark Scheifele - PK : Marcus Foligno
Extra Defensemen
Normal : Oscar Klefbom, Aaron Ekblad, Keith Aulie - PP : Aaron Ekblad - PK : Oscar Klefbom, Keith Aulie
Penalty Shots
Mark Scheifele, John Tavares, Sebastian Aho, Kirill Kaprizov, Pavel Zacha
Custom OT Lines Forwards
John Tavares, Mark Scheifele, Sebastian Aho, Kirill Kaprizov, Pavel Zacha, Mathew Barzal, Marcus Foligno, Colin Wilson, Tom Wilson, Iven Barbashev
Custom OT Lines Defensemen
Aaron Ekblad, Oscar Klefbom, Keith Aulie, Nick Leddy, Gavin Bayreuther

Scratches
Nikita Tryamkin (Healthy)

% Time on Ice - Blackhawks

Lines # - Real PCT - Wanted PCT - Time Play
Normal Forward
1 - 33% - 40% - 17:44
2 - 29% - 30% - 15:18
3 - 23% - 20% - 12:00
4 - 15% - 10% - 7:56
Normal Defense
1 - 38% - 40% - 20:03
2 - 32% - 30% - 16:57
3 - 25% - 20% - 12:59
4 - 6% - 10% - 2:59
PP Forward
1 - 66% - 60% - 4:38
2 - 34% - 40% - 2:24
PP Defense
1 - 66% - 60% - 4:39
2 - 34% - 40% - 2:23
PK Forward
1 - 0% - 60%
2 - 0% - 40%
PK Defense
1 - 0% - 60%
2 - 0% - 40%
PK3 Forward
1 - 0% - 60%
2 - 0% - 40%
PK3 Defense
1 - 0% - 60%
2 - 0% - 40%
44 Forward
1 - 0% - 60%
2 - 0% - 40%
44 Defense
1 - 0% - 60%
2 - 0% - 40%
Last Minute Offensive  - 0:00
Last Minute Defensive  - 0:00
Total
Forward - 60:00
Defense - 60:00

% Time on Ice - Penguins

Lines # - Real PCT - Wanted PCT - Time Play
Normal Forward
1 - 34% - 40% - 17:45
2 - 29% - 30% - 15:15
3 - 22% - 20% - 11:33
4 - 16% - 10% - 8:25
Normal Defense
1 - 44% - 45% - 23:30
2 - 35% - 35% - 18:35
3 - 21% - 20% - 10:53
4 - 0% - 0% - 0:00
PP Forward
1 - 0% - 60%
2 - 0% - 40%
PP Defense
1 - 0% - 60%
2 - 0% - 40%
PK Forward
1 - 78% - 60% - 5:31
2 - 22% - 40% - 1:31
PK Defense
1 - 67% - 60% - 4:42
2 - 33% - 40% - 2:20
PK3 Forward
1 - 0% - 60%
2 - 0% - 40%
PK3 Defense
1 - 0% - 60%
2 - 0% - 40%
44 Forward
1 - 0% - 60%
2 - 0% - 40%
44 Defense
1 - 0% - 50%
2 - 0% - 50%
Last Minute Offensive  - 0:00
Last Minute Defensive  - 0:00
Total
Forward - 60:00
Defense - 60:00

Play-by-Play

1st period


0:01 of 1st period - Derek Stepan wins face-off versus John Tavares in neutral zone.
0:06 of 1st period - Snap shot by Derek Stepan.
0:06 of 1st period - Deflect By Antoine Roussel.
0:06 of 1st period - Shot Misses the Net.
0:06 of 1st period - Puck is out of play.
0:07 of 1st period - Derek Stepan wins face-off versus John Tavares in Penguins zone.
0:36 of 1st period - Off-side.
0:37 of 1st period - Erik Haula wins face-off versus Sebastian Aho in neutral zone.
0:54 of 1st period - Snap shot by Sebastian Aho.
0:54 of 1st period - Shot Misses the Net.
0:56 of 1st period - Slapshot by Gavin Bayreuther.
0:56 of 1st period - Shot Blocked by Thomas Chabot.
0:58 of 1st period - Wrist shot by Sebastian Aho.
0:58 of 1st period - Stopped by Cam Ward with a rebound.
1:00 of 1st period - Wrist shot by Pavel Zacha.
1:00 of 1st period - Shot Blocked by Jakob Silfverberg.
1:02 of 1st period - Slapshot by Nick Leddy.
1:02 of 1st period - Deflect By Thomas Chabot.
1:02 of 1st period - Stopped by Cam Ward without a rebound.
1:03 of 1st period - Jeff Carter wins face-off versus William Karlsson in Blackhawks zone.
1:36 of 1st period - Stefan Matteau is hit by Nick Leddy and loses puck.
1:43 of 1st period - Wrist shot by Iven Barbashev.
1:43 of 1st period - Shot Misses the Net.
1:54 of 1st period - Off-side.
1:55 of 1st period - Derek Stepan wins face-off versus John Tavares in neutral zone.
2:12 of 1st period - Slapshot by Will Butcher.
2:12 of 1st period - Shot Misses the Net.
2:27 of 1st period - Snap shot by Kirill Kaprizov.
2:27 of 1st period - Stopped by Cam Ward with a rebound.
2:31 of 1st period - Snap shot by John Tavares.
2:31 of 1st period - Deflect By Kirill Kaprizov.
2:31 of 1st period - Shot Misses the Net.
2:31 of 1st period - Puck is out of play.
2:32 of 1st period - Sebastian Aho wins face-off versus Erik Haula in Blackhawks zone.
2:47 of 1st period - Slapshot by Erik Haula.
2:47 of 1st period - Shot Blocked by Aaron Ekblad.
3:16 of 1st period - Marcus Foligno is hit by William Karlsson and loses puck.
3:42 of 1st period - Slapshot by Mike Amadio.
3:42 of 1st period - Deflect By Timo Meier.
3:42 of 1st period - Shot Blocked by Nick Blankenburg.
3:42 of 1st period - Puck is out of play.
3:43 of 1st period - John Tavares wins face-off versus Derek Stepan in Penguins zone.
3:43 of 1st period - John Tavares is hit by Mikko Rantanen.
3:49 of 1st period - Snap shot by Derek Stepan.
3:49 of 1st period - Shot Misses the Net.
3:51 of 1st period - Slapshot by Antoine Roussel.
3:51 of 1st period - Shot Misses the Net.
4:17 of 1st period - Wrist shot by Mark Scheifele.
4:17 of 1st period - Deflect By Pavel Zacha.
4:17 of 1st period - Stopped by Cam Ward without a rebound.
4:18 of 1st period - Sebastian Aho wins face-off versus Derek Stepan in Blackhawks zone.
5:05 of 1st period - Slapshot by Thomas Chabot.
5:05 of 1st period - Deflect By Stefan Matteau.
5:05 of 1st period - Shot Misses the Net.
5:05 of 1st period - Puck is out of play.
5:06 of 1st period - Colin Wilson wins face-off versus Stefan Matteau in Penguins zone.
5:11 of 1st period - Joe Pavelski is hit by Aaron Ekblad and loses puck.
5:58 of 1st period - Slapshot by Pavel Zacha.
5:58 of 1st period - Deflect By Sebastian Aho.
5:58 of 1st period - Stopped by Cam Ward with a rebound.
6:42 of 1st period - Snap shot by Joe Pavelski.
6:42 of 1st period - Shot Blocked by Keith Aulie.
6:44 of 1st period - Slapshot by Dalton Prout.
6:44 of 1st period - Shot Misses the Net.
7:36 of 1st period - Slapshot by Will Butcher.
7:36 of 1st period - Stopped by Jeremy Swayman with a rebound.
7:38 of 1st period - Snap shot by William Karlsson.
7:38 of 1st period - Goal by William Karlsson - Blackhawks : 1 - Penguins : 0.
7:39 of 1st period - John Tavares wins face-off versus Derek Stepan in neutral zone.
7:45 of 1st period - Slapshot by Oscar Klefbom.
7:45 of 1st period - Shot Blocked by Antoine Roussel.
8:17 of 1st period - Snap shot by Adrian Kempe.
8:17 of 1st period - Shot Misses the Net.
8:22 of 1st period - Minor Penalty to Mark Scheifele for High sticking.
8:23 of 1st period - Colin Wilson wins face-off versus Derek Stepan in Penguins zone.
8:57 of 1st period - Oscar Klefbom is hit by Jakob Silfverberg and loses puck.
9:24 of 1st period - Slapshot by John Tavares.
9:24 of 1st period - Goal by John Tavares - Blackhawks : 1 - Penguins : 1.
9:25 of 1st period - Colin Wilson wins face-off versus Derek Stepan in neutral zone.
10:22 of 1st period - Penalty to Mark Scheifele is over, Mark Scheifele is back on ice.
10:56 of 1st period - Jakob Chychrun is hit by Mark Scheifele and loses puck.
11:31 of 1st period - Wrist shot by Derek Stepan.
11:31 of 1st period - Stopped by Jeremy Swayman with a rebound.
11:53 of 1st period - Wrist shot by Brandon Tanev.
11:53 of 1st period - Stopped by Cam Ward without a rebound.
11:54 of 1st period - Derek Stepan wins face-off versus Sebastian Aho in Blackhawks zone.
11:54 of 1st period - Derek Stepan is hit by Mark Scheifele.
12:07 of 1st period - Minor Penalty to Oscar Klefbom for Tripping.
12:08 of 1st period - Mark Scheifele wins face-off versus Derek Stepan in Penguins zone.
12:08 of 1st period - Mark Scheifele is hit by Will Butcher.
12:19 of 1st period - Slapshot by Will Butcher.
12:19 of 1st period - Goal by Will Butcher - Blackhawks : 2 - Penguins : 1.
12:20 of 1st period - John Tavares wins face-off versus Derek Stepan in neutral zone.
12:33 of 1st period - Aaron Ekblad is hit by Antoine Roussel and loses puck.
13:16 of 1st period - Off-side.
13:17 of 1st period - John Tavares wins face-off versus Derek Stepan in neutral zone.
13:31 of 1st period - Slapshot by Derek Stepan.
13:31 of 1st period - Stopped by Jeremy Swayman without a rebound.
13:32 of 1st period - Jeff Carter wins face-off versus Erik Haula in Penguins zone.
13:43 of 1st period - Snap shot by Marcus Foligno.
13:43 of 1st period - Shot Misses the Net.
13:49 of 1st period - Jeff Carter is hit by Jakob Silfverberg and loses puck.
13:59 of 1st period - Off-side.
14:00 of 1st period - Derek Stepan wins face-off versus John Tavares in neutral zone.
14:13 of 1st period - Wrist shot by John Tavares.
14:13 of 1st period - Deflect By Tom Wilson.
14:13 of 1st period - Stopped by Cam Ward without a rebound.
14:14 of 1st period - Derek Stepan wins face-off versus John Tavares in Blackhawks zone.
14:23 of 1st period - Wrist shot by Derek Stepan.
14:23 of 1st period - Stopped by Jeremy Swayman with a rebound.
14:25 of 1st period - Snap shot by Antoine Roussel.
14:25 of 1st period - Shot Misses the Net.
14:27 of 1st period - Slapshot by Will Butcher.
14:27 of 1st period - Shot Blocked by Oscar Klefbom.
14:29 of 1st period - Slapshot by Will Butcher.
14:29 of 1st period - Deflect By Mikko Rantanen.
14:29 of 1st period - Stopped by Jeremy Swayman with a rebound.
14:31 of 1st period - Slapshot by Mikko Rantanen.
14:31 of 1st period - Shot Misses the Net.
14:41 of 1st period - Oscar Klefbom is hit by Will Butcher and loses puck.
14:52 of 1st period - Snap shot by Timo Meier.
14:52 of 1st period - Stopped by Jeremy Swayman with a rebound.
14:54 of 1st period - Wrist shot by Mike Amadio.
14:54 of 1st period - Stopped by Jeremy Swayman with a rebound.
15:04 of 1st period - Slapshot by Pavel Zacha.
15:04 of 1st period - Shot Misses the Net.
16:17 of 1st period - Slapshot by Pavel Zacha.
16:17 of 1st period - Shot Misses the Net.
16:23 of 1st period - Nick Leddy is hit by Mike Amadio and loses puck.
16:56 of 1st period - Snap shot by Tom Wilson.
16:56 of 1st period - Stopped by Cam Ward with a rebound.
16:58 of 1st period - Slapshot by Nick Leddy.
16:58 of 1st period - Deflect By Tom Wilson.
16:58 of 1st period - Stopped by Cam Ward with a rebound.
17:00 of 1st period - Wrist shot by John Tavares.
17:00 of 1st period - Stopped by Cam Ward with a rebound.
17:02 of 1st period - Backhand shot by Nick Leddy.
17:02 of 1st period - Deflect By Antoine Roussel.
17:02 of 1st period - Stopped by Cam Ward without a rebound.
17:03 of 1st period - John Tavares wins face-off versus Jakob Silfverberg in Blackhawks zone.
18:20 of 1st period - Andrew Ladd is hit by Colin Wilson.
18:24 of 1st period - Stefan Matteau is hit by Brandon Tanev and loses puck.
19:11 of 1st period - Wrist shot by Derek Stepan.
19:11 of 1st period - Shot Blocked by Nick Blankenburg.
19:55 of 1st period - Snap shot by Stefan Matteau.
19:55 of 1st period - Stopped by Jeremy Swayman without a rebound.
19:56 of 1st period - John Tavares wins face-off versus Derek Stepan in Penguins zone.
19:58 of 1st period - Minor Penalty to Kirill Kaprizov for Tripping.
19:59 of 1st period - Mark Scheifele wins face-off versus Derek Stepan in Penguins zone.
Goals for this period are 2 for Blackhawks vs 1 for Penguins.
Shots for this period are 10 for Blackhawks vs 12 for Penguins.

2nd period


0:01 of 2nd period - Derek Stepan wins face-off versus Mark Scheifele in neutral zone.
0:44 of 2nd period - Snap shot by Will Butcher.
0:44 of 2nd period - Shot Misses the Net.
0:46 of 2nd period - Slapshot by Radko Gudas.
0:46 of 2nd period - Goal by Radko Gudas - Blackhawks : 3 - Penguins : 1.
0:47 of 2nd period - John Tavares wins face-off versus Erik Haula in neutral zone.
1:19 of 2nd period - Wrist shot by William Karlsson.
1:19 of 2nd period - Shot Hit the Post.
1:46 of 2nd period - Mikko Rantanen is hit by Keith Aulie and loses puck.
1:59 of 2nd period - Snap shot by Stefan Matteau.
1:59 of 2nd period - Shot Blocked by Colin Wilson.
2:01 of 2nd period - Slapshot by Joe Pavelski.
2:01 of 2nd period - Deflect By Andrew Ladd.
2:01 of 2nd period - Stopped by Jeremy Swayman with a rebound.
2:03 of 2nd period - Slapshot by Dalton Prout.
2:03 of 2nd period - Stopped by Jeremy Swayman with a rebound.
2:05 of 2nd period - Snap shot by Joe Pavelski.
2:05 of 2nd period - Stopped by Jeremy Swayman without a rebound.
2:06 of 2nd period - Tom Wilson wins face-off versus Erik Haula in Penguins zone.
2:57 of 2nd period - Slapshot by Marcus Foligno.
2:57 of 2nd period - Shot Blocked by Timo Meier.
3:23 of 2nd period - Wrist shot by Joe Pavelski.
3:23 of 2nd period - Shot Blocked by Keith Aulie.
3:25 of 2nd period - Snap shot by Joe Pavelski.
3:25 of 2nd period - Shot Blocked by Gavin Bayreuther.
3:27 of 2nd period - Snap shot by Andrew Ladd.
3:27 of 2nd period - Shot Misses the Net.
3:29 of 2nd period - Slapshot by Radko Gudas.
3:29 of 2nd period - Shot Blocked by Gavin Bayreuther.
3:31 of 2nd period - Wrist shot by Joe Pavelski.
3:31 of 2nd period - Shot Blocked by Keith Aulie.
4:06 of 2nd period - Jakob Silfverberg is hit by Nick Blankenburg and loses puck.
4:19 of 2nd period - Pavel Zacha is hit by Erik Haula and loses puck.
4:32 of 2nd period - Dalton Prout is hit by Marcus Foligno and loses puck.
5:25 of 2nd period - Slapshot by Mikko Rantanen.
5:25 of 2nd period - Goal by Mikko Rantanen - Blackhawks : 4 - Penguins : 1.
5:25 of 2nd period - Ondrej Pavelec enters game.
5:26 of 2nd period - Derek Stepan wins face-off versus John Tavares in neutral zone.
5:35 of 2nd period - Wrist shot by Mikko Rantanen.
5:35 of 2nd period - Stopped by Ondrej Pavelec with a rebound.
5:37 of 2nd period - Slapshot by Will Butcher.
5:37 of 2nd period - Stopped by Ondrej Pavelec without a rebound.
5:38 of 2nd period - John Tavares wins face-off versus Derek Stepan in Penguins zone.
5:44 of 2nd period - Oscar Klefbom is hit by PK Subban.
6:04 of 2nd period - PK Subban is hit by Oscar Klefbom and loses puck.
6:31 of 2nd period - Thomas Chabot is hit by Oscar Klefbom and loses puck.
6:40 of 2nd period - Snap shot by Marcus Foligno.
6:40 of 2nd period - Shot Blocked by Radko Gudas.
7:05 of 2nd period - Minor Penalty to Iven Barbashev for Elbowing.
7:06 of 2nd period - Derek Stepan wins face-off versus Mark Scheifele in Penguins zone.
7:16 of 2nd period - Slapshot by Mikko Rantanen.
7:16 of 2nd period - Shot Misses the Net.
7:38 of 2nd period - Jakob Chychrun is hit by Marcus Foligno and loses puck.
7:51 of 2nd period - Aaron Ekblad is hit by Antoine Roussel.
8:15 of 2nd period - Slapshot by Aaron Ekblad.
8:15 of 2nd period - Stopped by Cam Ward with a rebound.
9:05 of 2nd period - Penalty to Iven Barbashev is over, Iven Barbashev is back on ice.
9:18 of 2nd period - Pavel Zacha is hit by Mike Amadio and loses puck.
9:43 of 2nd period - Snap shot by Kirill Kaprizov.
9:43 of 2nd period - Goal by Kirill Kaprizov - Blackhawks : 4 - Penguins : 2.
9:44 of 2nd period - John Tavares wins face-off versus Derek Stepan in neutral zone.
10:10 of 2nd period - Marcus Foligno is hit by Adrian Kempe and loses puck.
10:41 of 2nd period - Slapshot by Mark Scheifele.
10:41 of 2nd period - Shot Misses the Net.
11:07 of 2nd period - Slapshot by Tom Wilson.
11:07 of 2nd period - Stopped by Cam Ward with a rebound.
11:09 of 2nd period - Backhand shot by Kirill Kaprizov.
11:09 of 2nd period - Deflect By John Tavares.
11:09 of 2nd period - Shot Misses the Net.
11:09 of 2nd period - Puck is out of play.
11:10 of 2nd period - Erik Haula wins face-off versus Jeff Carter in Blackhawks zone.
11:19 of 2nd period - Snap shot by Marcus Foligno.
11:19 of 2nd period - Stopped by Cam Ward with a rebound.
11:21 of 2nd period - Wrist shot by Jeff Carter.
11:21 of 2nd period - Shot Misses the Net.
11:53 of 2nd period - Wrist shot by Mikko Rantanen.
11:53 of 2nd period - Shot Blocked by Gavin Bayreuther.
12:09 of 2nd period - Minor Penalty to Sebastian Aho for Slashing.
12:10 of 2nd period - Derek Stepan wins face-off versus Mark Scheifele in Penguins zone.
12:12 of 2nd period - Snap shot by Mikko Rantanen.
12:12 of 2nd period - Shot Blocked by Aaron Ekblad.
12:14 of 2nd period - Slapshot by Radko Gudas.
12:14 of 2nd period - Goal by Radko Gudas - Blackhawks : 5 - Penguins : 2.
12:15 of 2nd period - Derek Stepan wins face-off versus John Tavares in neutral zone.
13:25 of 2nd period - Snap shot by Andrew Ladd.
13:25 of 2nd period - Stopped by Ondrej Pavelec without a rebound.
13:26 of 2nd period - Colin Wilson wins face-off versus Stefan Matteau in Penguins zone.
14:46 of 2nd period - Snap shot by Mike Amadio.
14:46 of 2nd period - Stopped by Ondrej Pavelec without a rebound.
14:47 of 2nd period - Kirill Kaprizov wins face-off versus Derek Stepan in Penguins zone.
15:13 of 2nd period - John Tavares is hit by PK Subban and loses puck.
16:09 of 2nd period - Slapshot by Aaron Ekblad.
16:09 of 2nd period - Deflect By Kirill Kaprizov.
16:09 of 2nd period - Shot Misses the Net.
16:09 of 2nd period - Puck is out of play.
16:10 of 2nd period - Derek Stepan wins face-off versus Sebastian Aho in Blackhawks zone.
16:15 of 2nd period - Snap shot by Antoine Roussel.
16:15 of 2nd period - Shot Misses the Net.
16:46 of 2nd period - Marcus Foligno is hit by Adrian Kempe and loses puck.
16:57 of 2nd period - Slapshot by Mathew Barzal.
16:57 of 2nd period - Shot Misses the Net.
17:03 of 2nd period - Slapshot by Aaron Ekblad.
17:03 of 2nd period - Deflect By Will Butcher.
17:03 of 2nd period - Stopped by Cam Ward without a rebound.
17:04 of 2nd period - Colin Wilson wins face-off versus Derek Stepan in Blackhawks zone.
17:07 of 2nd period - Wrist shot by Brandon Tanev.
17:07 of 2nd period - Shot Blocked by Dalton Prout.
17:09 of 2nd period - Slapshot by Keith Aulie.
17:09 of 2nd period - Stopped by Cam Ward with a rebound.
17:33 of 2nd period - Snap shot by Brandon Tanev.
17:33 of 2nd period - Stopped by Cam Ward without a rebound.
17:34 of 2nd period - Erik Haula wins face-off versus Sebastian Aho in Blackhawks zone.
17:42 of 2nd period - Icing by Will Butcher.
17:43 of 2nd period - Sebastian Aho wins face-off versus Erik Haula in Blackhawks zone.
18:17 of 2nd period - Snap shot by Jakob Silfverberg.
18:17 of 2nd period - Deflect By Adrian Kempe.
18:17 of 2nd period - Shot Blocked by Aaron Ekblad.
18:17 of 2nd period - Puck is out of play.
18:18 of 2nd period - Mikko Rantanen wins face-off versus John Tavares in Penguins zone.
19:08 of 2nd period - Off-side.
19:09 of 2nd period - Stefan Matteau wins face-off versus Colin Wilson in neutral zone.
19:18 of 2nd period - Snap shot by Joe Pavelski.
19:18 of 2nd period - Shot Misses the Net.
19:28 of 2nd period - Snap shot by Joe Pavelski.
19:28 of 2nd period - Stopped by Ondrej Pavelec with a rebound.
19:30 of 2nd period - Slapshot by PK Subban.
19:30 of 2nd period - Deflect By Andrew Ladd.
19:30 of 2nd period - Stopped by Ondrej Pavelec without a rebound.
19:31 of 2nd period - John Tavares wins face-off versus Derek Stepan in Penguins zone.
19:31 of 2nd period - John Tavares is hit by Mikko Rantanen.
19:34 of 2nd period - Gavin Bayreuther is hit by Antoine Roussel and loses puck.
19:38 of 2nd period - Gavin Bayreuther is hit by Thomas Chabot and loses puck.
19:41 of 2nd period - Slapshot by Tom Wilson.
19:41 of 2nd period - Stopped by Cam Ward with a rebound.
19:43 of 2nd period - Wrist shot by Kirill Kaprizov.
19:43 of 2nd period - Shot Misses the Net.
19:45 of 2nd period - Slapshot by Keith Aulie.
19:45 of 2nd period - Stopped by Cam Ward with a rebound.
19:47 of 2nd period - Slapshot by Keith Aulie.
19:47 of 2nd period - Shot Blocked by Radko Gudas.
19:57 of 2nd period - Erik Haula is hit by Mark Scheifele and loses puck.
Goals for this period are 3 for Blackhawks vs 1 for Penguins.
Shots for this period are 12 for Blackhawks vs 9 for Penguins.

3rd period


0:01 of 3rd period - Derek Stepan wins face-off versus John Tavares in neutral zone.
0:10 of 3rd period - Wrist shot by Mikko Rantanen.
0:10 of 3rd period - Shot Misses the Net.
0:26 of 3rd period - Aaron Ekblad is hit by Adrian Kempe and loses puck.
0:32 of 3rd period - Icing by Gavin Bayreuther.
0:33 of 3rd period - Sebastian Aho wins face-off versus Erik Haula in Penguins zone.
1:15 of 3rd period - Radko Gudas is hit by Pavel Zacha and loses puck.
1:36 of 3rd period - Wrist shot by Mark Scheifele.
1:36 of 3rd period - Shot Misses the Net.
2:46 of 3rd period - Snap shot by Erik Haula.
2:46 of 3rd period - Stopped by Ondrej Pavelec without a rebound.
2:47 of 3rd period - Derek Stepan wins face-off versus John Tavares in Penguins zone.
2:54 of 3rd period - Snap shot by Derek Stepan.
2:54 of 3rd period - Stopped by Ondrej Pavelec with a rebound.
3:46 of 3rd period - Snap shot by Mathew Barzal.
3:46 of 3rd period - Shot Misses the Net.
3:48 of 3rd period - Slapshot by Oscar Klefbom.
3:48 of 3rd period - Shot Misses the Net.
4:02 of 3rd period - Snap shot by Tom Wilson.
4:02 of 3rd period - Stopped by Cam Ward with a rebound.
4:04 of 3rd period - Wrist shot by Kirill Kaprizov.
4:04 of 3rd period - Shot Misses the Net.
4:53 of 3rd period - Backhand shot by Andrew Ladd.
4:53 of 3rd period - Stopped by Ondrej Pavelec without a rebound.
4:54 of 3rd period - Jeff Carter wins face-off versus Stefan Matteau in Penguins zone.
5:08 of 3rd period - Wrist shot by Mathew Barzal.
5:08 of 3rd period - Deflect By Jeff Carter.
5:08 of 3rd period - Stopped by Cam Ward with a rebound.
5:10 of 3rd period - Wrist shot by Marcus Foligno.
5:10 of 3rd period - Stopped by Cam Ward without a rebound.
5:11 of 3rd period - William Karlsson wins face-off versus John Tavares in Blackhawks zone.
5:20 of 3rd period - Slapshot by William Karlsson.
5:20 of 3rd period - Shot Misses the Net.
5:24 of 3rd period - Snap shot by William Karlsson.
5:24 of 3rd period - Stopped by Ondrej Pavelec without a rebound.
5:25 of 3rd period - John Tavares wins face-off versus Mikko Rantanen in Penguins zone.
5:50 of 3rd period - Antoine Roussel is hit by Iven Barbashev and loses puck.
6:27 of 3rd period - Slapshot by Sebastian Aho.
6:27 of 3rd period - Stopped by Cam Ward with a rebound.
6:29 of 3rd period - Slapshot by Sebastian Aho.
6:29 of 3rd period - Stopped by Cam Ward with a rebound.
6:45 of 3rd period - Snap shot by William Karlsson.
6:45 of 3rd period - Stopped by Ondrej Pavelec without a rebound.
6:46 of 3rd period - William Karlsson wins face-off versus John Tavares in Penguins zone.
6:47 of 3rd period - Snap shot by Mike Amadio.
6:47 of 3rd period - Shot Blocked by Nick Leddy.
7:19 of 3rd period - Wrist shot by Mike Amadio.
7:19 of 3rd period - Stopped by Ondrej Pavelec with a rebound.
7:21 of 3rd period - Snap shot by Timo Meier.
7:21 of 3rd period - Shot Misses the Net.
7:23 of 3rd period - Snap shot by Mike Amadio.
7:23 of 3rd period - Stopped by Ondrej Pavelec with a rebound.
7:25 of 3rd period - Wrist shot by Will Butcher.
7:25 of 3rd period - Stopped by Ondrej Pavelec with a rebound.
7:27 of 3rd period - Slapshot by William Karlsson.
7:27 of 3rd period - Shot Blocked by Oscar Klefbom.
8:22 of 3rd period - Wrist shot by Mike Amadio.
8:22 of 3rd period - Stopped by Ondrej Pavelec with a rebound.
8:24 of 3rd period - Snap shot by William Karlsson.
8:24 of 3rd period - Shot Blocked by Marcus Foligno.
8:49 of 3rd period - Off-side.
8:50 of 3rd period - John Tavares wins face-off versus Derek Stepan in neutral zone.
8:53 of 3rd period - Radko Gudas is hit by John Tavares.
8:58 of 3rd period - Icing by Antoine Roussel.
8:59 of 3rd period - Derek Stepan wins face-off versus John Tavares in Blackhawks zone.
9:26 of 3rd period - Snap shot by John Tavares.
9:26 of 3rd period - Stopped by Cam Ward without a rebound.
9:27 of 3rd period - Sebastian Aho wins face-off versus Erik Haula in Blackhawks zone.
9:28 of 3rd period - Snap shot by Mark Scheifele.
9:28 of 3rd period - Shot Misses the Net.
10:04 of 3rd period - Slapshot by Jakob Chychrun.
10:04 of 3rd period - Deflect By Jakob Silfverberg.
10:04 of 3rd period - Shot Blocked by Mark Scheifele.
10:04 of 3rd period - Puck is out of play.
10:05 of 3rd period - Derek Stepan wins face-off versus John Tavares in Penguins zone.
10:16 of 3rd period - Wrist shot by Mikko Rantanen.
10:16 of 3rd period - Stopped by Ondrej Pavelec without a rebound.
10:17 of 3rd period - Antoine Roussel wins face-off versus John Tavares in Penguins zone.
10:20 of 3rd period - Slapshot by Antoine Roussel.
10:20 of 3rd period - Stopped by Ondrej Pavelec without a rebound.
10:21 of 3rd period - John Tavares wins face-off versus Derek Stepan in Penguins zone.
10:28 of 3rd period - Slapshot by Antoine Roussel.
10:28 of 3rd period - Shot Misses the Net.
10:30 of 3rd period - Slapshot by Will Butcher.
10:30 of 3rd period - Shot Misses the Net.
11:09 of 3rd period - Dalton Prout is hit by Marcus Foligno and loses puck.
11:16 of 3rd period - Jeff Carter is hit by Mike Amadio and loses puck.
11:35 of 3rd period - Wrist shot by Brandon Tanev.
11:35 of 3rd period - Shot Hit the Post.
12:20 of 3rd period - Wrist shot by Mark Scheifele.
12:20 of 3rd period - Shot Blocked by Erik Haula.
12:34 of 3rd period - Wrist shot by Brandon Tanev.
12:34 of 3rd period - Stopped by Cam Ward without a rebound.
12:35 of 3rd period - Colin Wilson wins face-off versus Derek Stepan in Blackhawks zone.
12:46 of 3rd period - Brandon Tanev is hit by Radko Gudas and loses puck.
12:51 of 3rd period - Snap shot by Antoine Roussel.
12:51 of 3rd period - Shot Blocked by Brandon Tanev.
13:33 of 3rd period - Snap shot by Pavel Zacha.
13:33 of 3rd period - Deflect By Mark Scheifele.
13:33 of 3rd period - Shot Blocked by Radko Gudas.
13:33 of 3rd period - Puck is out of play.
13:34 of 3rd period - John Tavares wins face-off versus Derek Stepan in Blackhawks zone.
13:59 of 3rd period - Mark Scheifele is hit by Adrian Kempe and loses puck.
15:03 of 3rd period - Iven Barbashev is hit by Antoine Roussel and loses puck.
15:40 of 3rd period - Minor Penalty to Jeff Carter for Roughing.
15:41 of 3rd period - Derek Stepan wins face-off versus Mark Scheifele in Penguins zone.
15:49 of 3rd period - Slapshot by Mikko Rantanen.
15:49 of 3rd period - Deflect By Derek Stepan.
15:49 of 3rd period - Stopped by Ondrej Pavelec without a rebound.
15:50 of 3rd period - Mark Scheifele wins face-off versus Derek Stepan in Penguins zone.
15:50 of 3rd period - Mark Scheifele is hit by Will Butcher.
16:14 of 3rd period - Wrist shot by Mikko Rantanen.
16:14 of 3rd period - Stopped by Ondrej Pavelec without a rebound.
16:15 of 3rd period - Erik Haula wins face-off versus Mark Scheifele in Penguins zone.
16:28 of 3rd period - Snap shot by Adrian Kempe.
16:28 of 3rd period - Shot Misses the Net.
16:30 of 3rd period - Snap shot by Jakob Silfverberg.
16:30 of 3rd period - Stopped by Ondrej Pavelec without a rebound.
16:31 of 3rd period - Mark Scheifele wins face-off versus Derek Stepan in Penguins zone.
16:42 of 3rd period - Slapshot by Thomas Chabot.
16:42 of 3rd period - Deflect By Oscar Klefbom.
16:42 of 3rd period - Stopped by Ondrej Pavelec with a rebound.
16:44 of 3rd period - Backhand shot by Mikko Rantanen.
16:44 of 3rd period - Stopped by Ondrej Pavelec with a rebound.
16:46 of 3rd period - Wrist shot by Mikko Rantanen.
16:46 of 3rd period - Stopped by Ondrej Pavelec with a rebound.
16:48 of 3rd period - Slapshot by Jakob Chychrun.
16:48 of 3rd period - Shot Blocked by Oscar Klefbom.
17:08 of 3rd period - Wrist shot by Jakob Silfverberg.
17:08 of 3rd period - Shot Blocked by Keith Aulie.
17:40 of 3rd period - Penalty to Jeff Carter is over, Jeff Carter is back on ice.
18:51 of 3rd period - Snap shot by Tom Wilson.
18:51 of 3rd period - Shot Misses the Net.
18:53 of 3rd period - Slapshot by Oscar Klefbom.
18:53 of 3rd period - Stopped by Cam Ward with a rebound.
19:09 of 3rd period - Slapshot by Nick Leddy.
19:09 of 3rd period - Stopped by Cam Ward without a rebound.
19:10 of 3rd period - Colin Wilson wins face-off versus Derek Stepan in Blackhawks zone.
19:25 of 3rd period - Wrist shot by Colin Wilson.
19:25 of 3rd period - Stopped by Cam Ward without a rebound.
19:26 of 3rd period - Erik Haula wins face-off versus Tom Wilson in Blackhawks zone.
19:53 of 3rd period - Antoine Roussel is hit by Pavel Zacha and loses puck.
Goals for this period are 0 for Blackhawks vs 0 for Penguins.
Shots for this period are 17 for Blackhawks vs 10 for Penguins.